 Dungeon Crawl Stone Soup version 0.21-a0-414-gba8bdf1 (webtiles) character file.

13295 Laiders the Basher (level 11, -10/97 HPs)
             Began as a Minotaur Berserker on Nov 2, 2017.
             Was a High Priest of Trog.
             Mangled by a death yak (13 damage)
             ... on level 11 of the Dungeon.
             The game lasted 00:36:31 (9324 turns).

Laiders the Basher (Minotaur Berserker)             Turns: 9324, Time: 00:36:31

Health: -10/97     AC: 18    Str: 23    XL:     11   Next: 73%
Magic:  16/16      EV: 13    Int:  5    God:    Trog [*****.]
Gold:   687        SH:  0    Dex: 17    Spells: 10/10 levels left

rFire    + + +     SeeInvis .   J - +1 dire flail (crush)
rCold    x . .     Gourm    .   (shield currently unavailable)
rNeg     . . .     Faith    .   e - +0 chain mail of the Other World {+Fly rF+++ rC- Dex+3}
rPois    .         Spirit   .   (helmet restricted)
rElec    .         Reflect  .   w - +0 cloak
rCorr    .         Harm     .   d - +1 pair of gloves
MR       .....                  i - +2 pair of boots
Stlth    ..........             (no amulet)
HPRegen  0.26/turn              g - +3 ring of dexterity
MPRegen  0.15/turn              k - +3 ring of evasion

@: berserk cooldown, slowed, very slow
A: retaliatory headbutt, horns 2
a: Berserk, Trog's Hand, Brothers in Arms, Burn Spellbooks, Renounce Religion,
Evoke Flight


You were on level 11 of the Dungeon.
You worshipped Trog.
Trog was extremely pleased with you.
You were near starving.

You visited 1 branch of the dungeon, and saw 11 of its levels.

You collected 687 gold pieces.

Inventory:

Hand Weapons
 x - a +0 flail
 J - a +1 dire flail of crushing (weapon)
Missiles
 f - 19 tomahawks (quivered)
Armour
 d - a +1 pair of gloves (worn)
 e - the +0 chain mail of the Other World (worn) {+Fly rF+++ rC- Dex+3}
   (You found it on level 9 of the Dungeon)

   It affects your dexterity (+3).
   It renders you almost immune to fire.
   It makes you vulnerable to cold.
   It lets you fly.
 i - a +2 pair of boots (worn)
 w - a +0 cloak (worn)
Jewellery
 g - a +3 ring of dexterity (left hand)
 k - a +3 ring of evasion (right hand)
 G - an uncursed ring of flight
Wands
 t - a wand of iceblast (12/15)
 y - a wand of confusion (30/48)
Scrolls
 a - 4 scrolls of fear
 b - 3 scrolls of remove curse
 j - 3 scrolls of enchant armour
 l - 6 scrolls of teleportation
 m - a scroll of fog {unknown}
 n - 5 scrolls of magic mapping
 q - a scroll of enchant weapon {unknown}
 r - 3 scrolls of recharging
 u - a scroll of random uselessness
 v - a scroll of amnesia {unknown}
 z - 5 scrolls of identify
 E - a scroll of acquirement {unknown}
Potions
 p - 2 potions of berserk rage
 s - 4 potions of brilliance
 B - 2 potions of curing
 C - a potion of flight {unknown}
 D - a potion of invisibility {unknown}
 F - a potion of agility {unknown}
 I - a potion of might {unknown}
Miscellaneous
 h - a box of beasts
Comestibles
 c - 12 bread rations
 o - 10 royal jellies
 A - 4 fruits
 H - 2 meat rations


   Skills:
 + Level 9.0 Fighting
 - Level 14.0 Maces & Flails
 - Level 10.0 Armour
 - Level 2.3 Dodging
   Level 4.0 Shields
 + Level 9.1 Evocations


You had 10 spell levels left.
You didn't know any spells.

Dungeon Overview and Level Annotations

Branches:
Dungeon (11/15)            Temple (0/1) D:6             Orc (0/2) D:9
   Lair: D:8-11

Altars:
Ashenzari
Dithmenos
Gozag
Hepliaklqana
Kikubaaqudgha
Makhleb
Nemelex Xobeh
Okawaru
Sif Muna
Uskayaw
Wu Jian
Xom
The Shining One

Shops:
D:7 *


Innate Abilities, Weirdness & Mutations

You reflexively headbutt those who attack you in melee.
You have a pair of horns on your head.


Message History

The death yak closely misses you.
You sock the death yak!
The death yak is heavily wounded.
The death yak snorts and paws the ground.
The death yak gores you!
* * * LOW HITPOINT WARNING * * *
Okay, then.
As you read the scroll of fear, it crumbles to dust.
You assume a fearsome visage.
The death yak looks frightened!
The death yak resists with some effort.
The death yak resists with almost no effort.
The death yak easily resists.
The death yak looks frightened!
The yak looks frightened!
The death yak gores you!
* * * LOW HITPOINT WARNING * * *
Cornered, the death yak turns to fight!
The death yak gores you but does no damage.
As you read the scroll labeled UMEFARE VE YBU, it crumbles to dust.
Your brain hurts!
It was a scroll of random uselessness.
The death yak gores you!
You die...

#.# #.# #.#
#.# #.# ##.#
#..# #.## #@#
#Y# #Y# #Y#
#Y# #.# #.#
#†#
...####Y#####


You could see 4 death yaks.

Vanquished Creatures
  Erolcha (D:10)
  2 two-headed ogres (D:8)
  4 death yaks (D:11)
  An unseen horror (D:8)
  Pikel (D:4)
  A wolf spider zombie (D:11)
  A gargoyle (D:10)
  2 centaur skeletons (D:10)
  A centaur zombie (D:11)
  2 hippogriffs
  A wyvern (D:10)
  4 yaks
  3 hogs (D:7)
  A human (D:7)
  Grum (D:8)
  Menkaure (D:7)
  2 water moccasins
  2 sky beasts
  4 orc warriors (D:9)
  2 necrophages
  3 ogres
  An eye of draining (D:10)
  4 wolves (D:8)
  3 centaurs
  5 bullfrogs
  3 scorpions
  A water moccasin skeleton (D:10)
  4 killer bees (D:8)
  A howler monkey (D:5)
  7 crimson imps
  3 bullfrog zombies
  2 quasits
  6 jellies
  9 hounds
  5 orc priests
  An iron imp (D:8)
  2 iguanas
  10 orc wizards
  10 worker ants
  2 hound skeletons
  A howler monkey zombie (D:5)
  A worker ant zombie (D:8)
  9 gnolls
  6 adders
  2 shadow imps
  2 oozes (D:1)
  5 worms
  2 adder skeletons
  3 dart slugs
  3 leopard geckos
  40 orcs
  2 ball pythons
  4 bats
  4 giant cockroaches
  5 goblins
  4 hobgoblins
  10 jackals
  2 quokkas
  4 frilled lizards
  A giant cockroach zombie (D:6)
  2 goblin skeletons (D:8)
  2 hobgoblin zombies (D:8)
  2 jackal skeletons
  5 kobolds
  A leopard gecko skeleton (D:5)
  2 orc zombies (D:8)
  A quokka zombie (D:7)
  9 rats
253 creatures vanquished.

Vanquished Creatures (others)
  A slave (D:4)
  A centaur zombie (D:4)
  2 adders (D:4)
4 creatures vanquished.

Grand Total: 257 creatures vanquished

Notes
Turn   | Place    | Note
-------+----------+-------------------------------------------
     0 | D:1      | Laiders the Minotaur Berserker began the quest for the Orb.
     0 | D:1      | Reached XP level 1. HP: 19/19 MP: 0/0
   371 | D:1      | Reached skill level 4 in Maces & Flails
   371 | D:1      | Reached XP level 2. HP: 27/27 MP: 1/1
   697 | D:2      | Found a deep blue altar of Sif Muna.
   748 | D:2      | Reached XP level 3. HP: 31/33 MP: 2/2
  1033 | D:2      | Found an iron altar of Okawaru.
  1041 | D:2      | Reached skill level 5 in Maces & Flails
  1197 | D:2      | Reached XP level 4. HP: 37/40 MP: 3/3
  1409 | D:2      | Reached skill level 6 in Maces & Flails
  1696 | D:3      | Reached ** piety under Trog
  1742 | D:3      | Reached XP level 5. HP: 46/46 MP: 4/4
  1744 | D:3      | Reached skill level 7 in Maces & Flails
  1817 | D:3      | Reached XP level 6. HP: 20/52 MP: 5/5
  2140 | D:3      | Reached skill level 8 in Maces & Flails
  2672 | D:4      | Noticed a slave
  2673 | D:4      | Noticed a slave
  2675 | D:4      | Noticed Pikel
  2675 | D:4      | Noticed a slave
  2681 | D:4      | Noticed a slave
  2691 | D:4      | Killed Pikel
  2691 | D:4      | Reached skill level 10 in Maces & Flails
  2691 | D:4      | Reached XP level 7. HP: 48/58 MP: 6/6
  3026 | D:4      | Reached skill level 11 in Maces & Flails
  3460 | D:5      | Entered Level 5 of the Dungeon
  3562 | D:5      | Reached XP level 8. HP: 66/66 MP: 7/7
  3715 | D:5      | Found a shattered altar of Ashenzari.
  3781 | D:5      | Reached skill level 12 in Maces & Flails
  4027 | D:5      | Reached *** piety under Trog
  4090 | D:5      | Found a shimmering altar of Xom.
  4275 | D:6      | Found a staircase to the Ecumenical Temple.
  4322 | D:6      | Found a hazy altar of Hepliaklqana.
  4355 | D:6      | Reached skill level 13 in Maces & Flails
  4414 | D:6      | Found an opulent altar of Gozag.
  4979 | D:7      | Found a sparkling altar of Nemelex Xobeh.
  5042 | D:7      | Reached XP level 9. HP: 57/70 MP: 8/8
  5327 | D:7      | Reached skill level 14 in Maces & Flails
  5410 | D:7      | Found a shadowy altar of Dithmenos.
  5410 | D:7      | Found an ancient bone altar of Kikubaaqudgha.
  5519 | D:7      | Found Ysupn's General Store.
  5573 | D:7      | Noticed Menkaure
  5580 | D:7      | Killed Menkaure
  5580 | D:7      | Reached skill level 1 in Shields
  5580 | D:7      | Reached skill level 1 in Evocations
  5814 | D:7      | Reached **** piety under Trog
  5993 | D:8      | Noticed a two-headed ogre
  5994 | D:8      | Found a hide-covered altar of Uskayaw.
  5998 | D:8      | Reached skill level 5 in Armour
  6011 | D:8      | Killed a two-headed ogre
  6019 | D:8      | Reached XP level 10. HP: 46/77 MP: 10/12
  6301 | D:8      | Noticed a two-headed ogre
  6315 | D:8      | Killed a two-headed ogre
  6315 | D:8      | Reached skill level 5 in Evocations
  6323 | D:8      | Noticed Grum
  6358 | D:8      | Killed Grum
  6479 | D:8      | Found a glowing golden altar of the Shining One.
  6683 | D:8      | Found a burning altar of Makhleb.
  6901 | D:8      | Killed an unseen horror
  7331 | D:9      | Got a bronze chain mail
  7342 | D:9      | Identified the +0 chain mail of the Other World {+Fly rF+++ rC- Dex+3} (You found it on level 9 of the Dungeon)
  7690 | D:9      | Reached ***** piety under Trog
  7732 | D:9      | Found a staircase to the Orcish Mines.
  7928 | D:9      | Found an ornate altar of the Wu Jian Council.
  8190 | D:10     | Entered Level 10 of the Dungeon
  8202 | D:10     | Reached skill level 5 in Fighting
  8285 | D:10     | Noticed Erolcha
  8293 | D:10     | Killed Erolcha
  8293 | D:10     | Reached skill level 10 in Armour
  8293 | D:10     | Reached XP level 11. HP: 60/88 MP: 15/15
  9253 | D:11     | Noticed a death yak
  9272 | D:11     | Killed a death yak
  9273 | D:11     | Noticed a death yak
  9273 | D:11     | Noticed a death yak
  9274 | D:11     | Noticed a death yak
  9278 | D:11     | Noticed a death yak
  9282 | D:11     | Noticed a death yak
  9284 | D:11     | Noticed a death yak
  9286 | D:11     | Noticed a death yak
  9286 | D:11     | Noticed a death yak
  9291 | D:11     | Killed a death yak
  9297 | D:11     | Killed a death yak
  9308 | D:11     | Killed a death yak
  9322 | D:11     | HP: 2/97 [death yak (14)]
  9324 | D:11     | Mangled by a death yak

Vault maps used:
D:1:      minmay_arrival_five_plusses, serial_forest, infiniplex_forest_end_1,
          infiniplex_forest_clump_small, infiniplex_forest_straight_2,
          infiniplex_forest_lined_3
D:2:      okawaru_ov_weapons_minmay, led_sif_pool
D:3:      hangedman_feature_mirror, minmay_misc_feat_four_crosses
D:4:      uniq_pikel
D:5:      old_standard_altar, tgw_xom, first_bread
D:6:      lemuel_round_altar, lemuel_doored_altar, minmay_temple_entry_statues
D:7:      nicolae_overflow_crystal_walls, gammafunk_temple_overflow_wave,
          serial_shops, shop, grunt_livestock, dk_noncrumbling_4, uniq_menkaure
D:8:      makhleb_blood_cavern_becter, old_standard_altar,
          nicolae_tso_besieged_by_evil, uniq_grum
D:9:      kennysheep_little_box, david_orc_4
D:10:     uniq_erolcha
D:11:     dpeg_lair_monsters

Skill      XL: |  1  2  3  4  5  6  7  8  9 10 11 |
---------------+----------------------------------+-----
Maces & Flails | 4 5 6 7 10 11 13 14 | 14.0
Armour         | 6 10 | 10.0
Shields        | 4 |  4.0
Evocations     | 4 7 9 |  9.1
Fighting       | 5 9 |  9.0
Dodging        | |  2.3

Action                   |  1- 3 |  4- 6 |  7- 9 | 10-12 || total
-------------------------+-------+-------+-------+-------++-------
Melee: Mace              |    56 |    77 |    23 |       ||   156
       Headbutt          |    11 |    19 |    54 |    80 ||   164
       Flail             |       |       |   224 |    53 ||   277
       Battleaxe         |       |       |    21 |       ||    21
       Dire flail        |       |       |       |   235 ||   235
Invok: Trog's Hand       |       |     3 |     4 |     3 ||    10
       Berserk           |       |     3 |     4 |     4 ||    11
       Burn Spellbooks   |       |       |     2 |       ||     2
  Use: Scroll            |       |     2 |    11 |     3 ||    16
       Potion            |       |       |       |     3 ||     3
  Eat: Chunk             |     1 |     6 |    17 |    12 ||    36
       Royal jelly       |       |       |       |     1 ||     1
Armor: Animal skin       |     2 |       |       |       ||     2
       Chain mail        |    24 |    69 |   109 |    81 ||   283
       Plate armour      |       |       |       |    72 ||    72
Dodge: Dodged            |    43 |    60 |   126 |   160 ||   389
Block: Buckler           |     3 |    19 |    29 |    19 ||    70

Table legend:
 A = Spawn XP
 B = Non-spawn XP
 C = Spawn XP percentage of total XP
 D = Spawn monster count
 E = Non-spawn monster count
 F = Spawn count percentage of total count
 G = Total turns spent on level
                    A         B        C        D         E        F      G
               +---------+---------+-------+---------+---------+-------+---------
         Total |       0 |   18993 |   0.0 |       0 |     253 |   0.0 |  9324
               +---------+---------+-------+---------+---------+-------+---------
           D:1 |       0 |      33 |   0.0 |       0 |      14 |   0.0 |   655
           D:2 |       0 |      94 |   0.0 |       0 |      17 |   0.0 |   943
           D:3 |       0 |     274 |   0.0 |       0 |      26 |   0.0 |  1058
           D:4 |       0 |     997 |   0.0 |       0 |      14 |   0.0 |   804
           D:5 |       0 |     584 |   0.0 |       0 |      34 |   0.0 |   722
           D:6 |       0 |     719 |   0.0 |       0 |      25 |   0.0 |   752
           D:7 |       0 |    1737 |   0.0 |       0 |      23 |   0.0 |  1054
           D:8 |       0 |    4355 |   0.0 |       0 |      36 |   0.0 |  1329
           D:9 |       0 |    1813 |   0.0 |       0 |      33 |   0.0 |   873
          D:10 |       0 |    3352 |   0.0 |       0 |      21 |   0.0 |   944
          D:11 |       0 |    5035 |   0.0 |       0 |      10 |   0.0 |   190
               +---------+---------+-------+---------+---------+-------+---------
